 Dungeon Crawl Stone Soup version 0.27.1-33-g824d729ab1 (webtiles) character file.

Game seed: 17390960883700067428

63 Gabide the Ducker (level 4, 0/35 HPs)
             Began as a Human Monk on Dec 28, 2021.
             Killed from afar by Natasha (8 damage)
             ... with a magic dart
             ... on level 2 of the Dungeon.
             The game lasted 00:01:34 (1922 turns).

Gabide the Ducker (Human Monk)                      Turns: 1922, Time: 00:01:35

Health: 0/35       AC:  2    Str: 12    XL:     4   Next: 31%
Magic:  4/4        EV: 13    Int: 10    God:
Gold:   26         SH:  0    Dex: 16    Spells: 3/3 levels left

rFire    . . .     SeeInvis .   d - +0 quarterstaff
rCold    . . .     Faith    .   (shield currently unavailable)
rNeg     . . .     Spirit   .   b - +0 robe
rPois    .         Reflect  .   (no helmet)
rElec    .         Harm     .   (no cloak)
rCorr    .         Rampage  .   (no gloves)
Will     .....                  (no boots)
Stlth    ++........             (no amulet)
HPRegen  0.11/turn              (no ring)
MPRegen  0.09/turn              (no ring)

@: no status effects
A: no striking features
a: no special abilities


You were on level 2 of the Dungeon.
You visited 1 branch of the dungeon, and saw 2 of its levels.

You collected 26 gold pieces.

Inventory:

Hand Weapons
 a - a +0 spear
 d - a +0 quarterstaff (weapon)
Armour
 b - a +0 robe (worn)
Scrolls
 e - 2 scrolls of enchant armour {unknown}
 f - a scroll of teleportation {unknown}
Potions
 c - 2 potions of curing {unknown}
 g - a potion of might {unknown}


   Skills:
 + Level 3.4 Fighting
 - Level 3.3(3.5) Polearms
 * Level 1.4(2.6) Staves
 + Level 3.4 Dodging
 + Level 2.5 Stealth


You had 3 spell levels left.
You didn't know any spells.
Your spell library contained the following spells:

 Spells                   Type           Power      Damage    Failure   Level
 Passwall                 Tmut/Erth      0%         N/A       50%         2
 Swiftness                Air            0%         N/A       75%         3
 Invisibility             Hex            0%         N/A       100%        6


Dungeon Overview and Level Annotations

Branches:
Dungeon (2/15)

Altars:

Annotations:
D:2 Natasha


Message History

Natasha closely misses you.
You sock Natasha!
Natasha is severely wounded.
Natasha closely misses you.
You completely miss Natasha.
Natasha is severely wounded.
Natasha closely misses you.
You hit Natasha.
Natasha is almost dead.
Natasha claws you!
You are too injured to fight recklessly!
You are too injured to fight recklessly!
You are too injured to fight recklessly!
You are too injured to fight recklessly!
You are too injured to fight recklessly!
You are too injured to fight recklessly!
You are too injured to fight recklessly!
You are too injured to fight recklessly!
You are too injured to fight recklessly!
You are too injured to fight recklessly!
You are too injured to fight recklessly!
You are too injured to fight recklessly!
You are too injured to fight recklessly!
You are too injured to fight recklessly!
You are too injured to fight recklessly!
You are too injured to fight recklessly!
You are too injured to fight recklessly!
You are too injured to fight recklessly!
You closely miss Natasha.
Natasha is almost dead.
Natasha barely misses you.
You hit Natasha but do no damage.
Natasha is almost dead.
Natasha claws you. Natasha claws you!
* * * LOW HITPOINT WARNING * * *
You hit Natasha but do no damage.
Natasha is almost dead.
Natasha casts a spell at you. The magic dart hits you!
You die...

....##.###......#.. #.'.......
.......# #.####.#.# #.#.......
.##.#### #....#.#.# #.#.......
.##.#########.#.#.# #.#....###
.##.......###.#.#.# ####.####.#
...######.#...#.#.#... #.# #.#
##.##...#.#.##..#.#.####.####.###
#.##...'.#....h.....#.#.##...#..
#......###.##.#@.####.#.....##.#
####.#..............#....#...#.#
#.####..#......#†####.##..#.#
#...).............. #.#......
######.........#...?#.#...#.#
#.##############.#.###.# #.#
#...#............... #.#
#..##.############## #.# #.....#


You could see Natasha.

Vanquished Creatures
  Natasha (D:2)
  2 worms (D:2)
  2 dart slugs
  An endoplasm (D:1)
  A giant cockroach (D:1)
  3 goblins
  2 hobgoblins
  4 jackals
  A quokka (D:1)
  2 ball pythons
  3 bats (D:1)
  4 frilled lizards
  2 kobolds
  3 rats
31 creatures vanquished.

Notes
Turn   | Place    | Note
-------+----------+-------------------------------------------
     0 | D:1      | Gabide the Human Monk began the quest for the Orb.
     0 | D:1      | Reached XP level 1. HP: 18/18 MP: 1/1
   193 | D:1      | Found a faded altar of an unknown god.
   262 | D:1      | Reached XP level 2. HP: 24/24 MP: 2/2
   861 | D:1      | Reached XP level 3. HP: 5/29 MP: 3/3
  1358 | D:2      | Noticed Natasha
  1363 | D:2      | Killed Natasha
  1364 | D:2      | Reached skill level 1 in Staves
  1364 | D:2      | Reached XP level 4. HP: 33/35 MP: 4/4
  1845 | D:2      | Noticed Natasha
  1922 | D:2      | Killed from afar by Natasha

Illustrated notes

Levels and vault maps discovered:
D:1:      giann_wishing_wells, layout_basic, shapermc_ecumenical_altar_venn
D:2:      layout_basic, uniq_natasha, uniq_sigmund

Skill      XL: |  1  2  3 |
---------------+----------+-----
Staves         | 1 |  1.4
Fighting       | |  3.4
Polearms       | |  3.3
Dodging        | |  3.4
Stealth        | |  2.5

Action                   |  1- 3 |  4- 6 || total
-------------------------+-------+-------++-------
Melee: Spear             |    31 |       ||    31
       Quarterstaff      |    30 |    32 ||    62
  Use: Potion            |     1 |       ||     1
 Stab: Sleeping          |     5 |     3 ||     8
Armor: Robe              |     9 |     2 ||    11
Dodge: Dodged            |    36 |    16 ||    52
